 Dungeon Crawl Stone Soup version 0.29.1-2-gbd0b4ee654 (webtiles) character file.

Game seed: 4219042745225703515

228 Pestilence the Slasher (level 5, -1/39 HPs)
             Began as a Vampire Gladiator on Nov 9, 2022.
             Was a Believer of Wu Jian.
             Succumbed to Ijyb's poison
             ... on level 3 of the Dungeon.
             The game lasted 00:02:47 (1417 turns).

Pestilence the Slasher (Vampire Gladiator)          Turns: 1417, Time: 00:02:47

Health: -1/39      AC:  5    Str: 15    XL:     5   Next: 70%
Magic:  5/5        EV: 13    Int: 10    God:    Wu Jian [**....]
Gold:   81         SH:  0    Dex: 16    Spells: 4/4 levels left

rFire   . . .      SeeInvis +   a - +0 long sword
rCold   . . .      Faith    .   (no shield)
rNeg    . . .      Spirit   .   b - +0 leather armour
rPois   .          Reflect  .   c - +1 helmet
rElec   .          Harm     .   (no cloak)
rCorr   .          Rampage  .   (no gloves)
Will    .....                   (no boots)
Stlth   ++........              (no amulet)
HPRegen 0.33/turn               (no ring)
MPRegen 0.09/turn               (no ring)

@: brilliant, lethally poisoned (-1 -> -24), healing quickly
A: alive, fangs 3, see invisible, vampiric 2
a: Exsanguinate, Renounce Religion, Wall Jump


You were on level 3 of the Dungeon.
You worshipped Wu Jian.
Wu Jian was pleased with you.
You visited 1 branch of the dungeon, and saw 3 of its levels.

You collected 81 gold pieces.

Inventory:

Hand Weapons
 a - a +0 long sword (weapon)
Missiles
 i - 6 silver javelins (quivered)
Armour
 b - a +0 leather armour (worn)
 c - a +1 helmet (worn)
Scrolls
 g - a scroll of noise


   Skills:
 + Level 2.4 Fighting
 + Level 5.3 Long Blades
 - Level 1.5 Throwing
 + Level 1.1 Armour
 + Level 4.2 Dodging
 + Level 0.9 Stealth


You had 4 spell levels left.
You didn't know any spells.
Your spell library contained the following spells:

 Spells                   Type           Power      Damage    Failure   Level
 Conjure Flame            Conj/Fire      0%         6-21      80%         3
 Ignite Poison            Fire/Tmut/Pois 0%         N/A       80%         3
 Inner Flame              Hex/Fire       0%         N/A       80%         3
 Cause Fear               Hex            0%         N/A       99%         4
 Sticky Flame             Conj/Fire      0%         2d3       99%         4
 Discord                  Hex            0%         N/A       100%        8


Dungeon Overview and Level Annotations

Branches:
Dungeon (3/15)

Altars:
Wu Jian

Annotations:
D:3 Ijyb


Innate Abilities, Weirdness & Mutations

Your natural rate of healing is accelerated.
You have razor-sharp teeth.
You have supernaturally acute eyesight. (SInv)
You are afflicted with vampirism and can become a bat while bloodless.


Message History

No target in view!
No target in view!
You see here a rat corpse.
Found a robe.
Found a stone staircase leading down.
Ijyb the Twisted Goblin comes into view.
She is wielding a +0 dagger of venom and carrying a wand of iceblast (10).
Ijyb is nearby!
Ijyb is nearby!
Ijyb shouts!
Ijyb zaps a wand.
The mass of ice explodes!
The iceblast engulfs you!
You hear a shout!
Unknown command.
Okay, then.
It was a potion of brilliance.
You feel clever all of a sudden.
You lunge at Ijyb.
You closely miss Ijyb.
Ijyb hits you with a +0 dagger of venom.
You are poisoned.
You barely miss Ijyb. Your punch misses Ijyb.
You feel sick.
Ijyb grins evilly.
Ijyb hits you with a +0 dagger of venom.
You are more poisoned.
You completely miss Ijyb.
You feel very sick. Ijyb hits you but does no damage.
You are lethally poisoned!
You hit Ijyb but do no damage. Your bite misses Ijyb.
* * * LOW HITPOINT WARNING * * *
You feel very sick. Ijyb hits you but does no damage.
You are more poisoned.
Okay, then.
Keep bloodletting? [Y]es or [N]o only, please.
Keep bloodletting?
* * * LOW HITPOINT WARNING * * *
You feel very sick. Ijyb hits you but does no damage.
You are more poisoned.
You begin bloodletting.
You continue bloodletting.
You die...

*~,,****,***
~~~,,,,*,..#########
~~~***,,,..........#
~~~* *,,,g.........#
~~~* **,,..........#
~~~* *,,..........#
~~** *,,..........##
~** *,,......>g...#
~* *,,.......@...# **
*,,...........# *
*,,...........# **
*,,.........[.# ,*
*,,...........# ,*
***##########.#
,*############*#....#
.*#............#.####
.*#............#...#


You could see Ijyb and a hobgoblin (wandering).

Vanquished Creatures
  Sigmund (D:2)
  A gnoll (D:1)
  An adder (D:3)
  3 worms (D:2)
  2 dart slugs (D:1)
  6 endoplasms
  2 giant cockroaches
  4 goblins
  4 hobgoblins
  2 quokkas (D:1)
  3 ball pythons
  4 bats
  4 kobolds
  4 rats
41 creatures vanquished.

Notes
Turn   | Place    | Note
-------+----------+-------------------------------------------
     0 | D:1      | Pestilence the Vampire Gladiator began the quest for the
                  | Orb.
     0 | D:1      | Reached XP level 1. HP: 16/16 MP: 1/1
     4 | D:1      | Found a faded altar of an unknown god.
    23 | D:1      | Prayed at the altar of an unknown god.
    23 | D:1      | Became a worshipper of the Wu Jian Council
    23 | D:1      | Reached * piety under Wu Jian
    88 | D:1      | Reached XP level 2. HP: 8/22 MP: 2/2
   315 | D:1      | Gained mutation: You are afflicted with vampirism and can
                  | become a bat while bloodless. [Vampire growth]
   315 | D:1      | Reached XP level 3. HP: 26/27 MP: 3/3
   316 | D:1      | Reached ** piety under Wu Jian
   843 | D:2      | Noticed Sigmund
   863 | D:2      | Killed Sigmund
   864 | D:2      | Reached skill level 5 in Long Blades
   864 | D:2      | Reached skill level 1 in Armour
   864 | D:2      | Reached XP level 4. HP: 17/34 MP: 4/4
   864 | D:2      | Reached XP level 5. HP: 19/39 MP: 5/5
  1407 | D:3      | Noticed Ijyb
  1417 | D:3      | Succumbed to Ijyb's poison

Illustrated notes

Levels and vault maps discovered:
D:1:      dpeg_arrival_tiny_a, layout_rooms, ebering_ecumenical_altar_rust
D:2:      layout_loops_ring, uniq_sigmund
D:3:      cheibrodos_thug_alley, layout_basic, mainiacjoe_overflow_catwalk,
          uniq_ijyb

Skill      XL: |  1  2  3 |
---------------+----------+-----
Fighting       | 2 |  2.4
Dodging        | 4 |  4.2
Long Blades    | 5 |  5.3
Armour         | 1 |  1.1
Throwing       | |  1.5
Stealth        | |  0.9

Action                   |  1- 3 |  4- 6 || total
-------------------------+-------+-------++-------
Melee: Long sword        |    93 |    23 ||   116
       Bite              |     6 |     2 ||     8
       Punch             |     1 |       ||     1
Invok: Lunge             |     8 |     3 ||    11
       Whirlwind         |     6 |       ||     6
 Abil: Wall Jump         |     1 |       ||     1
       Exsanguinate      |       |     1 ||     1
  Use: Potion            |     1 |     1 ||     2
       Scroll            |       |     5 ||     5
 Stab: Sleeping          |     1 |     1 ||     2
Armor: Leather armour    |    27 |     6 ||    33
Dodge: Dodged            |    63 |     5 ||    68
